 Dungeon Crawl Stone Soup version 0.28.0-53-g5a82cb258f (webtiles) character file.

Game seed: 7283435542591336481

403 Ijustatesigmund the Stinger (level 6, -3/43 HPs)
             Began as an Octopode Venom Mage on July 15, 2022.
             Slain by Natasha (7 damage)
             ... on level 4 of the Dungeon.
             The game lasted 00:15:43 (5832 turns).

Ijustatesigmund the Stinger (Octopode Venom Mage)   Turns: 5832, Time: 00:15:44

Health: -3/43      AC:  1    Str:  7    XL:     6   Next: 86%
Magic:  10/10      EV: 13    Int: 20    God:
Gold:   70         SH:  0    Dex: 12    Spells: 1/11 levels left

rFire   . . .      SeeInvis .   a - +0 spear (venom)
rCold   . . .      Faith    .   (no shield)
rNeg    . . .      Spirit   .   (helmet restricted)
rPois   .          Reflect  .   (no amulet)
rElec   .          Harm     .   (no ring)
rCorr   .          Rampage  .   (no ring)
Will    .....                   (no ring)
Stlth   +++.......              (no ring)
HPRegen 0.14/turn               (no ring)
MPRegen 0.12/turn               (no ring)
                                (no ring)
                                (no ring)

@: no status effects
A: almost no armour, amphibious, 8 rings, camouflage 1, gelatinous body 1,
(nimble swimmer 1), tentacles
a: no special abilities


You were on level 4 of the Dungeon.
You visited 1 branch of the dungeon, and saw 4 of its levels.
You also visited: Sewer.

You collected 200 gold pieces.
You spent 130 gold pieces at shops.

Inventory:

Hand Weapons
 a - a +0 spear of venom (weapon)
Missiles
 d - 6 curare-tipped darts
Scrolls
 b - 3 scrolls of fear
 j - 2 scrolls of teleportation
 l - a scroll of summoning
Potions
 e - a potion of mutation
 f - a potion of attraction
 g - 5 potions of flight
 h - a potion of might
 k - a potion of magic


   Skills:
 - Level 4.2 Fighting
 - Level 2.0 Dodging
 - Level 2.6 Stealth
 + Level 3.0 Spellcasting
 + Level 1.4 Conjurations
 + Level 2.4 Transmutations
 + Level 1.9 Air Magic
 + Level 4.6 Poison Magic


You had one spell level left.
You knew the following spells:

 Your Spells              Type           Power      Damage    Failure   Level
a - Sting                 Tmut/Pois      68%        1d6       3%          1
b - Poisonous Vapours     Pois/Air       32%        N/A       5%          2
c - Mephitic Cloud        Conj/Pois/Air  13%        N/A       14%         3
d - Olgreb's Toxic Radia  Pois           21%        N/A       21%         4

Your spell library contained the following spells:

 Spells                   Type           Power      Damage    Failure   Level
 Corpse Rot               Necr/Air       12%        N/A       14%         2
 Tukima's Dance           Hex            3%         N/A       38%         3
 Anguish                  Hex/Necr       1%         N/A       80%         4
 Dispel Undead            Necr           3%         3d7       80%         4
 Death Channel            Necr           1%         N/A       100%        6
 Enfeeble                 Hex            1%         N/A       100%        7


Dungeon Overview and Level Annotations

Branches:
Dungeon (4/15)              Sewer (visited)
 Temple: D:4-7

Altars:

Shops:
D:4 ?

Annotations:
D:4 Natasha


Innate Abilities, Weirdness & Mutations

You cannot wear most types of armour.
You are amphibious.
You can wear up to eight rings at the same time.
Your skin changes colour to match your surroundings (Stealth+).
Your rubbery body absorbs attacks. (AC +1, EV +1)
((You are camouflaged when in or above water. (Stealth+)))
You have tentacles for arms and can constrict up to eight enemies at once.


Message History

The orc is heavily wounded.
You constrict the orc, but do no damage.
The orc hits you with a +0 dagger. Something claws you.
You hit the orc.
You kill the orc!
Something claws you.
You hit the dart slug but do no damage.
The dart slug is poisoned.
You grab the dart slug. You constrict the dart slug.
Something completely misses you. The dart slug launches a dart at you.
The slug dart hits you.
You are too injured to fight recklessly!
You are too injured to fight recklessly!
You are too injured to fight recklessly!
You are too injured to fight recklessly!
You are too injured to fight recklessly!
You are too injured to fight recklessly!
You are too injured to fight recklessly!
You are too injured to fight recklessly!
Unknown command.
You hit the dart slug.
The dart slug looks as sick as possible!
The dart slug is severely wounded.
You constrict the dart slug.
You kill the dart slug!
Something claws you!
* * * LOW HITPOINT WARNING * * *
You feel much better. Something claws you!
Okay, then.
You hit something. Your squeeze misses something. Something claws you.
You closely miss something. Something claws you.
You hear some strange, mumbled words.
A magic dart appears from out of thin air!
The magic dart hits you!
* * * LOW HITPOINT WARNING * * *
It was a potion of magic.
Magic courses through your body. Something claws you!
* * * LOW HITPOINT WARNING * * *
You hit something. Your squeeze misses something. Something barely misses you.
You hit something but do no damage. Something claws you!
You die...

############## ###
B..o.o.o...>.###.#######
#####.##.###.##.@.......
#.##<# #.).{))......
#####.##.# #####..#####.
......##.. ....#
########## #...# #...#
....# .....


There were no monsters in sight!

Vanquished Creatures
  2 hounds (D:4)
  An orc priest (D:3)
  An orc wizard (D:4)
  Robin (D:2)
  3 gnolls (D:3)
  7 adders
  6 river rats
  An adder skeleton (D:4)
  4 worms
  6 dart slugs
  5 orcs
  7 endoplasms
  6 giant cockroaches
  15 goblins
  8 hobgoblins
  3 jackals (Sewer)
  2 quokkas
  10 ball pythons
  6 bats
  6 frilled lizards
  4 kobolds
  6 rats
110 creatures vanquished.

Vanquished Creatures (collateral kills)
  An orc (D:4)
1 creature vanquished.

Grand Total: 111 creatures vanquished

Notes
Turn   | Place    | Note
-------+----------+-------------------------------------------
     0 | D:1      | Ijustatesigmund the Octopode Venom Mage began the quest for
                  | the Orb.
     0 | D:1      | Reached XP level 1. HP: 11/11 MP: 3/3
   142 | D:1      | Reached XP level 2. HP: 17/17 MP: 5/5
   145 | D:1      | Learned a level 2 spell: Poisonous Vapours
   399 | D:1      | You fall into a shaft and drop 1 floor!
   948 | D:2      | Reached XP level 3. HP: 13/21 MP: 1/6
   950 | D:2      | Noticed Robin
  1684 | D:1      | Learned a level 3 spell: Mephitic Cloud
  2045 | D:2      | Reached skill level 1 in Air Magic
  2254 | D:2      | Killed Robin
  2255 | D:2      | Reached XP level 4. HP: 21/27 MP: 2/7
  3361 | D:3      | Found a glowing drain.
  3369 | Sewer    | Entered a sewer
  3727 | Sewer    | Reached skill level 1 in Fighting
  4074 | Sewer    | Reached XP level 5. HP: 26/33 MP: 6/9
  4901 | D:3      | Reached XP level 6. HP: 41/42 MP: 3/10
  5261 | D:3      | Learned a level 4 spell: Olgreb's Toxic Radiance
  5425 | D:4      | Reached skill level 1 in Conjurations
  5516 | D:4      | Found Utsio's Magic Scroll Shoppe.
  5524 | D:4      | Bought a scroll of identify for 26 gold pieces
  5524 | D:4      | Bought a scroll of identify for 26 gold pieces
  5524 | D:4      | Bought a scroll of teleportation for 39 gold pieces
  5524 | D:4      | Bought a scroll of teleportation for 39 gold pieces
  5813 | D:4      | Noticed Natasha
  5832 | D:4      | Slain by Natasha

Illustrated notes

Levels and vault maps discovered:
D:1:      minmay_arrival_open_corners, layout_loops_corners
D:2:      layout_loops_ring, nicolae_figureground_pulse, uniq_robin
D:3:      layout_basic, portal_sewer_entry_b
D:4:      layout_loops_ring, serial_shops, shop_statue, kennysheep_mini, shop,
          minmay_ruptured, uniq_natasha

Skill      XL: |  1  2  3  4  5  6 |
---------------+-------------------+-----
Poison Magic   | 4 |  4.6
Air Magic      | 1 |  1.9
Transmutations | 2 |  2.4
Fighting       | 1 3 4 |  4.2
Conjurations   | 1 |  1.4
Spellcasting   | 3 |  3.0
Dodging        | |  2.0
Stealth        | |  2.6

Action                   |  1- 3 |  4- 6 || total
-------------------------+-------+-------++-------
Melee: Trident           |    27 |       ||    27
       Constrict         |    10 |    31 ||    41
       Tentacles         |     6 |    29 ||    35
       Spear             |    28 |   158 ||   186
       Punch             |     1 |     4 ||     5
 Cast: Poisonous Vapours |    24 |    55 ||    79
       Sting             |     2 |     2 ||     4
       Mephitic Cloud    |       |     2 ||     2
  Use: Scroll            |     3 |     9 ||    12
       Potion            |       |     3 ||     3
 Stab: Sleeping          |     8 |     4 ||    12
       Confused          |       |     2 ||     2
Armor: Skin              |     2 |     5 ||     7
Dodge: Dodged            |    24 |    69 ||    93
